 Dungeon Crawl Stone Soup version 0.31-a0-177-g4aa6249778 (webtiles) character file.

Game seed: 929412442254326509

12288 qw the Cleaver (level 11, -1/71 HPs)
             Began as a Gargoyle Fighter on June 18, 2023.
             Killed from afar by a gargoyle (26 damage)
             ... with a stone arrow
             ... on level 10 of the Dungeon.
             The game lasted 00:05:32 (11786 turns).

qw the Cleaver (Gargoyle Fighter)                  Turns: 11786, Time: 00:05:33

Health: -1/71      AC: 30    Str: 23    XL:     11   Next: 91%
Magic:  11/11      EV:  7    Int: 10    God:
Gold:   410        SH: 11    Dex: 15    Spells: 10/10 levels left

rFire   . . .        Y - +6 war axe (elec)
rCold   . . .        f - +0 kite shield
rNeg    + . .        b - +0 plate armour
rPois   inf          v - +0 helmet
rElec   +            r - +2 cloak
rCorr   .            l - +1 pair of gloves
SInv    .            a - +0 pair of boots
Will    .....        (no amulet) Stlth
                     o - +6 ring of dexterity
HPRegen 0.31/turn    (no ring)
MPRegen 0.12/turn

%: no passive effects
@: no status effects
A: sickness immunity, AC +8, negative energy resistance 1, electricity
resistance, torment resistance 1, petrification resistance
a: no special abilities


You were on level 10 of the Dungeon.
You visited 2 branches of the dungeon, and saw 11 of its levels.

You collected 530 gold pieces.
You spent 120 gold pieces at shops.


Innate Abilities, Weirdness & Mutations

You are immune to sickness and miasma.
Your stone body is resilient. (AC +8)
You are immune to poison.
You resist negative energy. (rN+)
You are resistant to electric shocks. (rElec)
You are resistant to unholy torment.
You are immune to petrification.


   Skills:
 - Level 9.0 Fighting
 - Level 11.8 Axes
 - Level 1.6 Throwing
 + Level 8.3 Armour
 - Level 2.1 Dodging
 - Level 10.0 Shields


You had 10 spell levels left.
You didn't know any spells.
Your spell library was empty.

Inventory:

Hand Weapons
 p - a +0 morningstar
 x - a +1 morningstar of draining
 Y - a +6 war axe of electrocution (weapon)
Missiles
 n - 5 boomerangs (quivered)
Armour
 a - a +0 pair of boots (worn)
 b - a +0 plate armour (worn)
 f - a +0 kite shield (worn)
 l - a +1 pair of gloves (worn)
 r - a +2 cloak (worn)
 v - a +0 helmet (worn)
Jewellery
 o - a +6 ring of dexterity (left hand)
 w - a ring of see invisible
 y - an amulet of reflection
Wands
 g - a wand of digging (6)
Scrolls
 h - a scroll of identify
 t - a scroll of teleportation
Potions
 c - a potion of heal wounds
 d - 3 potions of might
 e - 2 potions of lignification
 i - a potion of attraction
 j - a potion of cancellation
 k - 8 potions of curing
 m - 2 potions of mutation
 q - a potion of enlightenment
 s - a potion of resistance
 u - a potion of haste {unknown}

Dungeon Overview and Level Annotations

Branches:
Dungeon (10/15)            Temple (1/1) D:4            Lair (0/5) D:9
    Orc: D:9-12

Altars:
Ashenzari
Cheibriados
Dithmenos
Elyvilon
Fedhas
Gozag
Hepliaklqana
Kikubaaqudgha
Makhleb
Nemelex Xobeh
Okawaru
Qazlal
Ru
Trog
Uskayaw
Vehumet
Wu Jian
Xom
Yredelemnul
Zin
The Shining One

Shops:
D:1 =   D:2 =   D:5 !   D:9 *

Annotations:
D:5 2 transporters
D:7 1 runed translucent door


Message History

There is an open door here.
You open the door.
A gargoyle comes into view. It is wielding a +0 flail.
Found a ring mail.
Enter note:
Enter note: You hit the gargoyle.
The gargoyle is lightly damaged.
The gargoyle hurls a stone arrow at you.
The stone arrow hits you!
You barely miss the gargoyle.
The gargoyle is lightly damaged.
The gargoyle hits you with a +0 flail!
You barely miss the gargoyle.
The gargoyle is lightly damaged.
The gargoyle barely misses you.
You slash the gargoyle!
The gargoyle is moderately damaged.
The gargoyle hurls a stone arrow at you.
The stone arrow hits you!
You slash the gargoyle!
The gargoyle is severely damaged.
The gargoyle hurls a stone arrow at you.
The stone arrow hits you!
You completely miss the gargoyle.
The gargoyle is severely damaged.
The gargoyle hurls a stone arrow at you.
The stone arrow hits you but does no damage.
You hit the gargoyle.
The gargoyle is severely damaged.
The gargoyle hurls a stone arrow at you.
You block the stone arrow.
You hit the gargoyle.
The gargoyle is severely damaged.
The gargoyle hits you with a +0 flail.
You hit the gargoyle but do no damage.
The gargoyle is severely damaged.
The gargoyle hurls a stone arrow at you.
The stone arrow hits you!!
You die...

.........)...###8...8###
####.........#.##...##8#
#........###).....'###
#........#.#.......#8#
#........##).......'#
.........##....8....#
#'.......)##
#8#.......#.#
###9@....'###
#[##'.)##8# # #.###.###
### ###


You could see a gargoyle.

Vanquished Creatures
  3 two-headed ogres
  Erica (D:8)
  Maurice (D:8)
  Maggie (D:6)
  5 gargoyles (D:10)
  Psyche (D:8)
  A hornet (D:10)
  15 yaks
  A steam dragon (D:8)
  2 vampire mosquitoes (D:8)
  An acid dragon (D:9)
  5 orc warriors
  3 ice beasts
  A black bear (D:7)
  A sky beast (D:7)
  3 ogres
  3 centaurs
  4 phantoms
  8 bullfrogs
  A kobold brigand (D:8)
  2 scorpions
  2 gnoll sergeants
  8 wights (D:9)
  13 killer bees
  3 howler monkeys (D:7)
  2 jellies
  A gnoll bouda (D:6)
  6 orc priests
  Ijyb (D:3)
  4 iguanas
  3 sleepcaps
  Terence (D:3)
  13 orc wizards
  17 gnolls
  3 adders
  A shadow imp (D:7)
  A white imp (D:7)
  An ufetubus (D:4)
  2 worms
  2 dart slugs
  32 orcs
  7 bats
  7 endoplasms
  2 giant cockroaches
  5 goblins
  7 hobgoblins
  2 quokkas
  A ball python (D:4)
  6 frilled lizards (D:3)
  7 kobolds
  5 rats
228 creatures vanquished.

Notes
Turn   | Place    | Note
-------+----------+-------------------------------------------
     0 | D:1      | qw the Gargoyle Fighter began the quest for the Orb.
     0 | D:1      | Reached XP level 1. HP: 14/14 MP: 1/1
     0 | D:1      | 0 ||| qw: Version: 0.3-a-5-g6f28e65
     0 | D:1      | 0 ||| qw: Game counter: 511
     0 | D:1      | 0 ||| qw: Always use a shield: true
     0 | D:1      | 0 ||| qw: God list: Okawaru
     0 | D:1      | 0 ||| qw: Allow faded altars: false
     0 | D:1      | 0 ||| qw: Do Orc after D:15 true
     0 | D:1      | 0 ||| qw: Do second Lair branch before Depths: true
     0 | D:1      | 0 ||| qw: Lair rune preference: random
     0 | D:1      | 0 ||| qw: Plans: Normal, Zot:1-4, Slime:5, God:TSO, Crypt,
                  | Tomb, Abyss, Pan, Hells, Win
     0 | D:1      | 0 ||| PLANNING D:1-11
    86 | D:1      | Reached skill level 2 in Axes
   120 | D:1      | Found Ozazioss's Jewellery Shoppe.
   124 | D:1      | 124 ||| SHOPLISTING +4 ring of protection (396 gold, have
                  | 0).
   124 | D:1      | 124 ||| SHOPLISTING +6 ring of strength (396 gold, have 0).
   124 | D:1      | 124 ||| SHOPLISTING amulet "Cugeorhe" {rElec Regen+} (484
                  | gold, have 0).
   124 | D:1      | 124 ||| SHOPLISTING amulet of faith (440 gold, have 0).
   124 | D:1      | 124 ||| SHOPLISTING ring of protection from fire (275 gold,
                  | have 0).
   124 | D:1      | 124 ||| SHOPLISTING ring of willpower (275 gold, have 0).
   357 | D:1      | Found a faded altar of an unknown god.
   376 | D:1      | Reached XP level 2. HP: 18/19 MP: 2/2
   398 | D:1      | 398 ||| Stepping ~*~*~tactically~*~*~ (hiding).
   401 | D:1      | 401 ||| Stepping ~*~*~tactically~*~*~ (hiding).
   916 | D:1      | 916 ||| READING 5 scrolls labelled PUFIEPO UBBOGE.
   917 | D:1      | 917 ||| READING 4 scrolls of enchant weapon.
   917 | D:1      | 917 ||| ENCHANTING +1 war axe.
   918 | D:1      | 918 ||| READING 3 scrolls of enchant weapon.
   918 | D:1      | 918 ||| ENCHANTING +2 war axe.
   919 | D:1      | 919 ||| READING 2 scrolls of enchant weapon.
   919 | D:1      | 919 ||| ENCHANTING +3 war axe.
   920 | D:1      | 920 ||| READING scroll of enchant weapon.
   920 | D:1      | 920 ||| ENCHANTING +4 war axe.
   921 | D:1      | 921 ||| READING 2 scrolls labelled ALAMOF KEMNUDI.
   922 | D:1      | 922 ||| READING scroll labelled OXAIKK DUFFEFE.
   923 | D:1      | 923 ||| DRINKING 2 fuming coppery potions.
  1037 | D:2      | Found an opulent altar of Gozag.
  1129 | D:2      | Found Juinlist's Jewellery Shop.
  1138 | D:2      | 1138 ||| SHOPLISTING +5 ring of evasion (360 gold, have
                  | 59).
  1138 | D:2      | 1138 ||| SHOPLISTING +6 ring of strength (360 gold, have
                  | 59).
  1138 | D:2      | 1138 ||| SHOPLISTING amulet of faith (400 gold, have 59).
  1138 | D:2      | 1138 ||| SHOPLISTING amulet of reflection (300 gold, have
                  | 59).
  1138 | D:2      | 1138 ||| SHOPLISTING amulet of the acrobat (300 gold, have
                  | 59).
  1138 | D:2      | 1138 ||| SHOPLISTING ring of positive energy (200 gold,
                  | have 59).
  1152 | D:2      | Reached skill level 3 in Axes
  1268 | D:2      | Reached XP level 3. HP: 23/23 MP: 3/3
  1375 | D:2      | 1375 ||| DROPPING +0 club.
  1493 | D:2      | 1493 ||| UPGRADING to +0 pair of gloves.
  1498 | D:2      | 1498 ||| DROPPING +6 ring of intelligence.
  1499 | D:2      | 1499 ||| READING scroll labelled DOTIKL LOTUE.
  1500 | D:2      | 1500 ||| READING scroll labelled QOITEAMORICA.
  1504 | D:2      | 1504 ||| READING scroll labelled LUROTH ZOKYUPN.
  1505 | D:2      | 1505 ||| READING 2 scrolls of identify.
  1505 | D:2      | 1505 ||| IDENTIFYING glowing coppery potion
  1772 | D:3      | 1772 ||| Stepping ~*~*~tactically~*~*~ (stealth).
  1781 | D:3      | 1781 ||| READING scroll of enchant weapon.
  1781 | D:3      | 1781 ||| ENCHANTING +5 war axe.
  1823 | D:3      | 1823 ||| Stepping ~*~*~tactically~*~*~ (hiding).
  1947 | D:3      | Noticed Terence
  1949 | D:3      | 1949 ||| Stepping ~*~*~tactically~*~*~ (stealth).
  1955 | D:3      | Killed Terence
  1956 | D:3      | Reached skill level 4 in Axes
  1956 | D:3      | Reached XP level 4. HP: 18/28 MP: 4/4
  1956 | D:3      | 1956 ||| FLEEEEING.
  1957 | D:3      | 1957 ||| FLEEEEING.
  1958 | D:3      | 1958 ||| FLEEEEING.
  1959 | D:3      | 1959 ||| FLEEEEING.
  1960 | D:3      | 1960 ||| FLEEEEING.
  1961 | D:3      | 1961 ||| FLEEEEING.
  1962 | D:3      | 1962 ||| FLEEEEING.
  1963 | D:3      | 1963 ||| FLEEEEING.
  1965 | D:3      | 1965 ||| FLEEEEING.
  1967 | D:3      | 1967 ||| FLEEEEING.
  1968 | D:3      | 1968 ||| FLEEEEING.
  1969 | D:3      | 1969 ||| FLEEEEING.
  1970 | D:3      | 1970 ||| FLEEEEING.
  1971 | D:3      | 1971 ||| FLEEEEING.
  1972 | D:3      | 1972 ||| FLEEEEING.
  1973 | D:3      | 1973 ||| FLEEEEING.
  1974 | D:3      | 1974 ||| FLEEEEING.
  1975 | D:3      | 1975 ||| FLEEEEING.
  1976 | D:3      | 1976 ||| FLEEEEING.
  1977 | D:3      | 1977 ||| FLEEEEING.
  1978 | D:3      | 1978 ||| FLEEEEING.
  1979 | D:3      | 1979 ||| FLEEEEING.
  1980 | D:3      | 1980 ||| FLEEEEING.
  1982 | D:3      | 1982 ||| FLEEEEING.
  1983 | D:3      | 1983 ||| FLEEEEING.
  1984 | D:3      | 1984 ||| FLEEEEING.
  1985 | D:3      | 1985 ||| FLEEEEING.
  2266 | D:3      | 2266 ||| Stepping ~*~*~tactically~*~*~ (stealth).
  2300 | D:3      | Noticed Ijyb
  2309 | D:3      | HP: 5/28 [constriction (6)]
  2310 | D:3      | 2310 ||| DRINKING potion of heal wounds.
  2315 | D:3      | Killed Ijyb
  2401 | D:3      | 2401 ||| UPGRADING to +0 cloak.
  2406 | D:3      | 2406 ||| UPGRADING to +0 chain mail.
  2416 | D:3      | 2416 ||| DROPPING +0 scale mail.
  2417 | D:3      | 2417 ||| READING scroll labelled DOELIO VAMESU.
  2418 | D:3      | 2418 ||| READING scroll labelled GUCVO WIFOE.
  2419 | D:3      | 2419 ||| DRINKING 2 silvery potions.
  2447 | D:4      | Noticed an ogre
  2455 | D:4      | Killed an ogre
  2456 | D:4      | Reached skill level 5 in Axes
  2456 | D:4      | Reached XP level 5. HP: 27/32 MP: 5/5
  2482 | D:4      | 2482 ||| Stepping ~*~*~tactically~*~*~ (hiding).
  2533 | D:4      | Noticed a phantom
  2542 | D:4      | Killed a phantom
  2543 | D:4      | Reached XP level 6. HP: 39/39 MP: 6/6
  2555 | D:4      | Found a staircase to the Ecumenical Temple.
  2556 | D:4      | 2556 ||| PLANNING TEMPLE
  2561 | Temple   | Entered the Ecumenical Temple
  2807 | Temple   | 2807 ||| PLANNING D:1-11
  3032 | D:4      | Reached skill level 6 in Axes
  3033 | D:4      | Reached XP level 7. HP: 17/44 MP: 7/7
  3171 | D:4      | 3171 ||| DROPPING +0 mace.
  3200 | D:4      | Found a hide-covered altar of Uskayaw.
  3220 | D:4      | Found an ornate altar of the Wu Jian Council.
  3220 | D:4      | Found a blossoming altar of Fedhas.
  3220 | D:4      | Found a bloodstained altar of Trog.
  3366 | D:4      | Reached skill level 1 in Dodging
  3541 | D:4      | Found an iron altar of Okawaru.
  3970 | D:4      | 3970 ||| UPGRADING to +0 plate armour.
  3980 | D:4      | 3980 ||| DROPPING +0 chain mail.
  3981 | D:4      | 3981 ||| READING scroll labelled LOKLIETYQU.
  3982 | D:4      | 3982 ||| READING 2 scrolls of identify.
  3982 | D:4      | 3982 ||| IDENTIFYING yellow potion
  4001 | D:5      | Entered Level 5 of the Dungeon
  4048 | D:5      | Identified the +0 trident "Dragonslayer" {elec, Str+4}
  4048 | D:5      | Identified the +0 scale mail of Letz {+Inv Fly rC+ Int-5
                  | Dex+4}
  4071 | D:5      | Found a transporter.
  4172 | D:5      | Found a white marble altar of Elyvilon.
  4173 | D:5      | Noticed a yak
  4173 | D:5      | Noticed a yak
  4173 | D:5      | Noticed a yak
  4174 | D:5      | 4174 ||| Stepping ~*~*~tactically~*~*~ (stealth).
  4176 | D:5      | 4176 ||| Stepping ~*~*~tactically~*~*~ (stealth).
  4183 | D:5      | Killed a yak
  4187 | D:5      | Killed a yak
  4191 | D:5      | HP: 8/44 [yak (5)]
  4192 | D:5      | 4192 ||| READING scroll of teleportation.
  4192 | D:5      | HP: 2/44 [yak (6)]
  4193 | D:5      | Killed a yak
  4194 | D:5      | Reached skill level 7 in Axes
  4194 | D:5      | Reached XP level 8. HP: 3/48 MP: 8/8
  4414 | D:5      | Identified the +2 leather armour of Olueloest {Dex+2}
  4454 | D:5      | Found Faahoj's Distillery.
  4457 | D:5      | 4457 ||| BUYING potion of curing (30 gold).
  4457 | D:5      | Bought a potion of curing for 30 gold pieces
  4457 | D:5      | 4457 ||| BUYING potion of curing (30 gold).
  4457 | D:5      | Bought a potion of curing for 30 gold pieces
  4457 | D:5      | 4457 ||| BUYING potion of curing (30 gold).
  4457 | D:5      | Bought a potion of curing for 30 gold pieces
  4457 | D:5      | 4457 ||| BUYING potion of curing (30 gold).
  4457 | D:5      | Bought a potion of curing for 30 gold pieces
  4457 | D:5      | 4457 ||| SHOPLISTING potion of haste (100 gold, have 55).
  4457 | D:5      | 4457 ||| SHOPLISTING potion of mutation (80 gold, have 55).
  4692 | D:5      | Found a transporter.
  4761 | D:5      | Found an opulent altar of Gozag.
  4856 | D:5      | Reached skill level 1 in Throwing
  4944 | D:5      | 4944 ||| UPGRADING to +6 ring of dexterity.
  4945 | D:5      | 4945 ||| READING scroll labelled PYTUV RAQOTA.
  5046 | D:5      | 5046 ||| READING 3 scrolls of identify.
  5046 | D:5      | 5046 ||| IDENTIFYING fuming silvery potion
  5047 | D:5      | 5047 ||| READING 2 scrolls of identify.
  5047 | D:5      | 5047 ||| IDENTIFYING white potion
  5057 | D:6      | 5057 ||| Stepping ~*~*~tactically~*~*~ (stealth).
  5253 | D:6      | HP: 11/49 [ogre/+0 giant club (18)]
  5414 | D:6      | Reached skill level 8 in Axes
  5528 | D:6      | 5528 ||| DROPPING +0 flail.
  5551 | D:6      | Reached skill level 6 in Fighting
  5551 | D:6      | Reached XP level 9. HP: 55/55 MP: 9/9
  5596 | D:6      | Noticed Maggie
  5604 | D:6      | HP: 7/55 [Maggie/bolt of fire (16)]
  5605 | D:6      | 5605 ||| READING scroll of teleportation.
  5717 | D:6      | 5717 ||| FLEEEEING.
  5718 | D:6      | 5718 ||| FLEEEEING.
  5719 | D:6      | 5719 ||| FLEEEEING.
  5721 | D:6      | 5721 ||| FLEEEEING.
  5722 | D:6      | 5722 ||| FLEEEEING.
  5723 | D:6      | 5723 ||| FLEEEEING.
  5724 | D:6      | 5724 ||| FLEEEEING.
  5725 | D:6      | 5725 ||| FLEEEEING.
  5726 | D:6      | 5726 ||| FLEEEEING.
  5727 | D:6      | 5727 ||| FLEEEEING.
  5728 | D:6      | 5728 ||| FLEEEEING.
  5729 | D:6      | 5729 ||| FLEEEEING.
  5730 | D:6      | 5730 ||| FLEEEEING.
  5731 | D:6      | 5731 ||| FLEEEEING.
  5732 | D:6      | 5732 ||| FLEEEEING.
  5733 | D:6      | 5733 ||| FLEEEEING.
  5734 | D:6      | 5734 ||| FLEEEEING.
  5735 | D:6      | 5735 ||| FLEEEEING.
  5749 | D:6      | Killed Maggie
  5750 | D:6      | Reached skill level 9 in Axes
  5922 | D:6      | Noticed a two-headed ogre
  5929 | D:6      | Killed a two-headed ogre
  5930 | D:6      | Reached skill level 6 in Shields
  6262 | D:6      | 6262 ||| Stepping ~*~*~tactically~*~*~ (stealth).
  6285 | D:6      | 6285 ||| Stepping ~*~*~tactically~*~*~ (hiding).
  6386 | D:6      | Reached skill level 6 in Armour
  6441 | D:6      | 6441 ||| UPGRADING to +0 pair of boots.
  6446 | D:6      | 6446 ||| READING scroll labelled HIJAPHAFIERCH.
  6468 | D:7      | 6468 ||| Stepping ~*~*~tactically~*~*~ (stealth).
  6584 | D:7      | 6584 ||| Stepping ~*~*~tactically~*~*~ (stealth).
  6594 | D:7      | Reached XP level 10. HP: 54/63 MP: 10/10
  6699 | D:7      | 6699 ||| Stepping ~*~*~tactically~*~*~ (hiding).
  6701 | D:7      | 6701 ||| Stepping ~*~*~tactically~*~*~ (hiding).
  6729 | D:7      | Reached skill level 10 in Axes
  6758 | D:7      | 6758 ||| Stepping ~*~*~tactically~*~*~ (stealth).
  6775 | D:7      | 6775 ||| FLEEEEING.
  6776 | D:7      | 6776 ||| FLEEEEING.
  6781 | D:7      | 6781 ||| FLEEEEING.
  6782 | D:7      | 6782 ||| FLEEEEING.
  6783 | D:7      | 6783 ||| STAIRDANCE
  6885 | D:6      | 6885 ||| READING scroll labelled QERROLUFOA.
  6886 | D:6      | 6886 ||| READING 2 scrolls of identify.
  6886 | D:6      | 6886 ||| IDENTIFYING glowing puce potion
  6887 | D:6      | 6887 ||| DROPPING potion of degeneration.
  7094 | D:7      | Found a runed translucent door.
  7568 | D:8      | 7568 ||| Stepping ~*~*~tactically~*~*~ (hiding).
  7569 | D:8      | 7569 ||| Stepping ~*~*~tactically~*~*~ (hiding).
  7570 | D:8      | 7570 ||| Stepping ~*~*~tactically~*~*~ (hiding).
  7571 | D:8      | 7571 ||| Stepping ~*~*~tactically~*~*~ (hiding).
  7573 | D:8      | 7573 ||| Stepping ~*~*~tactically~*~*~ (hiding).
  7574 | D:8      | 7574 ||| Stepping ~*~*~tactically~*~*~ (hiding).
  7684 | D:8      | 7684 ||| Stepping ~*~*~tactically~*~*~ (stealth).
  7685 | D:8      | Noticed Erica
  7707 | D:8      | Killed Erica
  7851 | D:8      | 7851 ||| Stepping ~*~*~tactically~*~*~ (hiding).
  7852 | D:8      | 7852 ||| Stepping ~*~*~tactically~*~*~ (hiding).
  7854 | D:8      | 7854 ||| Stepping ~*~*~tactically~*~*~ (water).
  8182 | D:8      | 8182 ||| Stepping ~*~*~tactically~*~*~ (stealth).
  8183 | D:8      | Noticed Psyche
  8186 | D:8      | 8186 ||| FLEEEEING.
  8187 | D:8      | 8187 ||| FLEEEEING.
  8188 | D:8      | 8188 ||| STAIRDANCE
  8299 | D:8      | 8299 ||| FLEEEEING.
  8300 | D:8      | 8300 ||| STAIRDANCE
  8381 | D:8      | Killed Psyche
  8410 | D:8      | 8410 ||| Stepping ~*~*~tactically~*~*~ (stealth).
  8412 | D:8      | 8412 ||| Stepping ~*~*~tactically~*~*~ (stealth).
  8417 | D:8      | 8417 ||| Stepping ~*~*~tactically~*~*~ (stealth).
  8419 | D:8      | 8419 ||| Stepping ~*~*~tactically~*~*~ (hiding).
  8452 | D:8      | 8452 ||| Stepping ~*~*~tactically~*~*~ (stealth).
  8555 | D:8      | 8555 ||| Stepping ~*~*~tactically~*~*~ (hiding).
  8726 | D:8      | 8726 ||| Stepping ~*~*~tactically~*~*~ (stealth).
  8731 | D:8      | 8731 ||| Stepping ~*~*~tactically~*~*~ (water).
  8738 | D:8      | Reached skill level 11 in Axes
  8744 | D:8      | 8744 ||| FLEEEEING.
  8800 | D:8      | 8800 ||| Stepping ~*~*~tactically~*~*~ (hiding).
  8810 | D:8      | 8810 ||| Stepping ~*~*~tactically~*~*~ (hiding).
  8813 | D:8      | 8813 ||| Stepping ~*~*~tactically~*~*~ (hiding).
  8815 | D:8      | 8815 ||| Stepping ~*~*~tactically~*~*~ (hiding).
  8960 | D:8      | Noticed Maurice
  8989 | D:8      | Killed Maurice
  8990 | D:8      | Reached XP level 11. HP: 61/69 MP: 11/11
  9318 | D:8      | 9318 ||| UPGRADING to +2 cloak.
  9328 | D:8      | 9328 ||| DROPPING +0 cloak.
  9329 | D:8      | 9329 ||| READING 2 scrolls of identify.
  9329 | D:8      | 9329 ||| IDENTIFYING pink potion
  9376 | D:9      | Reached skill level 9 in Fighting
  9426 | D:9      | 9426 ||| Stepping ~*~*~tactically~*~*~ (hiding).
  9666 | D:9      | 9666 ||| Stepping ~*~*~tactically~*~*~ (hiding).
  9715 | D:9      | 9715 ||| Stepping ~*~*~tactically~*~*~ (stealth).
  9716 | D:9      | 9716 ||| Stepping ~*~*~tactically~*~*~ (stealth).
  9722 | D:9      | 9722 ||| Stepping ~*~*~tactically~*~*~ (stealth).
  9802 | D:9      | 9802 ||| READING scroll of enchant armour.
  9802 | D:9      | 9802 ||| ENCHANTING +0 pair of gloves.
  9901 | D:9      | Noticed a two-headed ogre
  9910 | D:9      | Killed a two-headed ogre
 10026 | D:9      | 10026 ||| Stepping ~*~*~tactically~*~*~ (hiding).
 10075 | D:9      | 10075 ||| FLEEEEING.
 10076 | D:9      | 10076 ||| FLEEEEING.
 10077 | D:9      | 10077 ||| FLEEEEING.
 10078 | D:9      | 10078 ||| FLEEEEING.
 10079 | D:9      | 10079 ||| FLEEEEING.
 10080 | D:9      | 10080 ||| STAIRDANCE
 10122 | D:8      | 10122 ||| UPGRADING to +0 kite shield.
 10132 | D:8      | 10132 ||| DROPPING +0 buckler.
 10133 | D:8      | 10133 ||| UPGRADING to +0 helmet.
 10138 | D:8      | 10138 ||| READING 2 scrolls of identify.
 10138 | D:8      | 10138 ||| IDENTIFYING inky potion
 10139 | D:8      | 10139 ||| DROPPING potion of brilliance.
 10168 | D:9      | Found Solum's General Store.
 10191 | D:9      | 10191 ||| DRINKING 8 potions of curing.
 10191 | D:9      | 10191 ||| (to cure confusion)
 10912 | D:9      | Found a staircase to the Lair.
 11027 | D:9      | 11027 ||| READING 2 scrolls of identify.
 11027 | D:9      | 11027 ||| IDENTIFYING red potion
 11049 | D:10     | Entered Level 10 of the Dungeon
 11080 | D:10     | 11080 ||| Stepping ~*~*~tactically~*~*~ (stealth).
 11151 | D:10     | 11151 ||| FLEEEEING.
 11235 | D:10     | Noticed a two-headed ogre
 11236 | D:10     | 11236 ||| Stepping ~*~*~tactically~*~*~ (stealth).
 11248 | D:10     | Killed a two-headed ogre
 11320 | D:10     | 11320 ||| DRINKING 9 potions of curing.
 11320 | D:10     | 11320 ||| (to cure confusion)
 11351 | D:10     | Reached skill level 9 in Shields
 11786 | D:10     | Killed from afar by a gargoyle

Levels and vault maps discovered:
D:1:      kennysheep_arrival_seaside, layout_basic,
          chequers_ecumenical_altar_simple, serial_shops,
          nicolae_shop_back_alley_shop, serial_curves, eino_curves_01,
          eino_curves_04, hangedman_decor_peaks_small
D:2:      layout_basic, basic_altar, serial_shops, nicolae_shop_crystal
D:3:      layout_loops_ring, kennysheep_generic_room_8, uniq_ijyb, uniq_terence
D:4:      layout_basic, grunt_temple_overflow_open, lemuel_doored_altar,
          minmay_temple_entry_fiery, serial_rivers,
          chequers_serial_rivers_micro_b, chequers_serial_rivers_room_a,
          chequers_serial_rivers_micro_b, chequers_serial_rivers_micro_d,
          chequers_serial_rivers_small_a, chequers_serial_rivers_micro_b
D:5:      layout_basic, lemuel_tele_altar, kennysheep_mini_moat, serial_shops,
          nicolae_shop_tiny_real_fake_doors, gammafunk_ghost_gnarly_gnolls
D:6:      layout_gridville, kennysheep_generic_room_3, uniq_maggie
D:7:      layout_cave_pools, lightli_church_of_beogh
D:8:      layout_loops_ring, serial_rivers, chequers_serial_rivers_marsh,
          chequers_serial_rivers_marsh, chequers_serial_rivers_large_b,
          chequers_serial_rivers_large_a, chequers_serial_rivers_small_b,
          uniq_psyche, uniq_maurice, uniq_erica
D:9:      layout_layer_cave, grunt_lair_entry_orc_guard_hut, serial_shops, shop,
          minmay_statues_item
D:10:     cheibrodos_statue_roulette, layout_irregular_city,
          nicolae_overflow_crystal_walls, gammafunk_ghost_icy, nooodl_orcs_dogs
Temple:   minmay_temple_curvy_branch

Skill      XL: |  1  2  3  4  5  6  7  8  9 10 11 |
---------------+----------------------------------+-----
Axes           | 2 3 4 5 6 7 8 9 11 | 11.8
Fighting       | 4 6 7 8 9 |  9.0
Dodging        | 1 2 |  2.1
Armour         | 4 5 6 8 |  8.3
Throwing       | 1 |  1.6
Shields        | 6 10 | 10.0

Action                     |  1- 3 |  4- 6 |  7- 9 | 10-12 || total
---------------------------+-------+-------+-------+-------++-------
  Melee: War axe           |    67 |    80 |   156 |   319 ||   622
  Throw: Boomerang         |       |       |    58 |    70 ||   128
    Use: Scroll            |    12 |     2 |     8 |     6 ||    28
         Potion            |     1 |     2 |       |     2 ||     5
 Armour: Scale mail        |    30 |    13 |       |       ||    43
         Chain mail        |       |    30 |     7 |       ||    37
         Plate armour      |       |       |    85 |   195 ||   280
  Dodge: Dodged            |    22 |    37 |    31 |    77 ||   167
  Block: Buckler           |     6 |    12 |    24 |    56 ||    98
         Kite shield       |       |       |       |    41 ||    41

Table legend:
 A = Non-vault XP
 B = Vault XP
 C = Vault XP percentage of total XP
 D = Non-vault monster count
 E = Vault monster count
 F = Vault count percentage of total count
                 A         B        C        D         E       F
            +---------+---------+-------+---------+---------+-------
      Total |   12541 |    5014 |  28.6 |     209 |      19 |   8.3
            +---------+---------+-------+---------+---------+-------
        D:1 |      17 |       0 |   0.0 |       8 |       0 |   0.0
        D:2 |      19 |       0 |   0.0 |      10 |       0 |   0.0
        D:3 |      46 |      79 |  63.2 |      20 |       4 |  16.7
        D:4 |     571 |       0 |   0.0 |      23 |       0 |   0.0
        D:5 |     910 |       0 |   0.0 |       9 |       0 |   0.0
        D:6 |    2054 |     424 |  17.1 |      33 |       1 |   2.9
        D:7 |    1474 |       0 |   0.0 |      24 |       0 |   0.0
        D:8 |    2274 |    1687 |  42.6 |      34 |       3 |   8.1
        D:9 |    2675 |     684 |  20.4 |      32 |       6 |  15.8
       D:10 |    2501 |    2140 |  46.1 |      16 |       5 |  23.8
            +---------+---------+-------+---------+---------+-------
